 Dungeon Crawl Stone Soup version 0.30-a0-137-gd8773701ce (webtiles) character file.

Game seed: 11628781309971856565

16088 juncz the Frost Mage (level 12, -1/81 HPs)
             Began as a Pale Draconian Ice Elementalist on Sept 22, 2022.
             Was an Initiate of Gozag.
             Slain by a wolf spider simulacrum (30 damage)
             ... on level 12 of the Dungeon.
             The game lasted 00:47:49 (15833 turns).

juncz the Frost Mage (DrIE)                        Turns: 15833, Time: 00:47:49

Health: -1/81      AC: 19    Str: 11    XL:     12   Next: 7%
Magic:  25/27      EV: 16    Int: 21    God:    Gozag
Gold:   1764       SH:  0    Dex: 11    Spells: 27/34 levels left

rFire   . . .      SeeInvis .    x - +2 falchion (holy)
rCold   . . .      Faith    .    (no shield)
rNeg    + . .      Spirit   .    (body armour unavailable)
rPois   .          Reflect  .    (helmet restricted)
rElec   .          Harm     .    (no cloak)
rCorr   .          Rampage  .    (no gloves)
Will    .....                    B - +1 pair of boots
Stlth   ++........               y - amulet of regeneration
HPRegen 1.03/turn                i - +4 ring of evasion
MPRegen 0.20/turn                n - ring of positive energy

@: ice-armoured, about to teleport
A: breathe steam, AC +8, unfitting armour, cold-blooded, steam resistance
a: Breathe Steam, Renounce Religion, Potion Petition, Call Merchant, Bribe
Branch


You were on level 12 of the Dungeon.
You worshipped Gozag.
Gozag was most pleased with you.
You visited 2 branches of the dungeon, and saw 13 of its levels.

You collected 2172 gold pieces.
You paid 408 gold pieces to Gozag.

Inventory:

Hand Weapons
 k - a +1 trident of protection
 x - a +2 falchion of holy wrath (weapon)
Missiles
 j - 119 stones (quivered)
 z - a throwing net
Armour
 f - a +0 kite shield
 l - a +0 pair of boots
 u - a +0 pair of boots of rampaging
 B - a +1 pair of boots (worn)
Magical Staves
 K - a staff of air
Jewellery
 i - a +4 ring of evasion (left hand)
 n - a ring of positive energy (right hand)
 o - a ring of resist corrosion
 s - a ring of fire
 y - an amulet of regeneration (around neck)
 D - a +4 ring of evasion
 I - an amulet of guardian spirit
 N - a +6 ring of dexterity
Wands
 b - a wand of flame (24)
 E - a wand of digging (5)
 H - a wand of polymorph (7)
Scrolls
 c - a scroll of teleportation
 d - 2 scrolls of immolation
 m - a scroll of enchant armour
 t - 2 scrolls of enchant weapon
 w - a scroll of magic mapping
 A - 2 scrolls of amnesia
 C - a scroll of torment
 G - 2 scrolls of vulnerability
 J - a scroll of poison
 L - a scroll of fear
 M - 2 scrolls of noise {unknown}
 O - 2 scrolls of blinking {unknown}
Potions
 a - a potion of magic
 e - 2 potions of heal wounds
 g - 6 potions of haste
 h - 2 potions of might {unknown}
 p - 2 potions of flight {unknown}
 q - 2 potions of ambrosia {unknown}
 r - 4 potions of curing
 v - 2 potions of mutation {unknown}
 F - 2 potions of brilliance {unknown}


   Skills:
 - Level 1.7 Dodging
 - Level 1.7 Stealth
 + Level 11.8 Spellcasting
 + Level 8.8 Conjurations
 + Level 13.2 Ice Magic


You had 27 spell levels left.
You knew the following spells:

 Your Spells              Type           Power      Damage    Failure   Level
a - Freeze                Ice            100%       1d11      1%          1
b - Frozen Ramparts       Ice            100%       1d16      1%          3
c - Ozocubu's Armour      Ice            61%        N/A       1%          3

Your spell library contained the following spells:

 Spells                   Type           Power      Damage    Failure   Level
 Hailstorm                Conj/Ice       56%        3d12      1%          4
 Sublimation of Blood     Necr           12%        N/A       9%          2
 Wereblood                Tmut           12%        N/A       9%          2
 Fulminant Prism          Conj/Hex       15%        3d11      9%          4
 Iskenderun's Mystic Bla  Conj/Tloc      31%        2d8       9%          4
 Sticky Flame             Conj/Fire      31%        2d5       9%          4
 Ignite Poison            Fire/Tmut/Pois 12%        N/A       16%         3
 Kindle Blastsparks       Fire/Tloc/Air  24%        2d12      16%         3
 Summon Guardian Golem    Hex/Summ       12%        N/A       16%         3
 Tukima's Dance           Hex            12%        N/A       16%         3
 Fireball                 Conj/Fire      15%        3d8       24%         5
 Irradiate                Conj/Tmut      15%        3d16      24%         5
 Lightning Bolt           Conj/Air       15%        1d29      24%         5
 Airstrike                Air            6%         2d(1-17)  47%         4
 Passage of Golubria      Tloc           12%        N/A       47%         4
 Petrify                  Tmut/Erth      12%        N/A       47%         4
 Summon Lightning Spire   Summ/Air       12%        N/A       47%         4
 Orb of Destruction       Conj           24%        9d9       77%         7
 Starburst                Conj/Fire      15%        6d6       80%         6
 Lee's Rapid Deconstruct  Erth           6%         3d7*      83%         5
 Yara's Violent Unravell  Hex/Tmut       6%         3d5       83%         5
 Spellforged Servitor     Conj/Summ      15%        N/A       100%        7
 Summon Hydra             Summ           6%         N/A       100%        7
 Ignition                 Fire           6%         3d4       100%        8


Dungeon Overview and Level Annotations

Branches:
Dungeon (12/15)            Temple (1/1) D:6            Lair (0/5) D:9
    Orc (0/2) D:12

Altars:
Ashenzari
Cheibriados
Dithmenos
Elyvilon
Fedhas
Gozag
Hepliaklqana
Kikubaaqudgha
Makhleb
Nemelex Xobeh
Okawaru
Qazlal
Ru
Sif Muna
Trog
Uskayaw
Vehumet
Wu Jian
Xom
Yredelemnul
Zin
The Shining One
Lugonu

Shops:
D:11 *

Annotations:
D:5 3 runed translucent doors, Ofeo's ghost, amateur PaDe; TemplarDane's ghost, novice HOMo
D:9 2 transporters
D:10 3 runed translucent doors, timneilson's ghost, journeyman GrFi


Innate Abilities, Weirdness & Mutations

You can breathe blasts of scalding, opaque steam.
Your pale cyan-grey scales are hard. (AC +8)
You cannot fit into any form of body armour.
You are cold-blooded and may be slowed by cold attacks.
You are immune to the effects of steam.


Message History

A film of ice covers your body! The wolf spider simulacrum hits you.
The wolf spider simulacrum freezes you!!
The wolf spider simulacrum closely misses you.
Aiming: Throw Flame
Press: ? - help, Shift-Dir - straight line, f/p - wolf spider simulacrum
Aim: a wolf spider simulacrum (lightly damaged, 89% to hit)
The puff of flame hits the wolf spider simulacrum.
The wolf spider simulacrum melts!
The wolf spider simulacrum is moderately damaged.
The wolf spider simulacrum closely misses you.
The wolf spider simulacrum bites you. The wolf spider simulacrum freezes you!
You feel yourself slow down.
Aiming: Throw Flame
Press: ? - help, Shift-Dir - straight line, f/p - wolf spider simulacrum
Aim: a wolf spider simulacrum (moderately damaged, 89% to hit)
The puff of flame hits the wolf spider simulacrum.
The wolf spider simulacrum melts!
The wolf spider simulacrum is heavily damaged.
The wolf spider simulacrum misses you.
The wolf spider simulacrum closely misses you.
The wolf spider simulacrum hits you. The wolf spider simulacrum freezes you!
* * * LOW HITPOINT WARNING * * *
The wolf spider simulacrum closely misses you.
You can't see any enemies this would affect, really read the scroll of fear?
Okay, then.
As you read the scroll of teleportation, it crumbles to dust.
You feel strangely unstable.
You feel yourself speed up. The wolf spider simulacrum hits you.
* * * LOW HITPOINT WARNING * * *
The wolf spider simulacrum freezes you!
* * * LOW HITPOINT WARNING * * *
The wolf spider simulacrum closely misses you.
The wolf spider simulacrum barely misses you.
The wolf spider simulacrum bites you but does no damage.
It was a potion of heal wounds.
You feel much better. The wolf spider simulacrum hits you.
The wolf spider simulacrum freezes you!!
You die...
Your body crumbles into a pile of gold.

#...#..# ##.#.### #...#
##...# #....#
.####.##.######## #
#............##.## ...
#....#..###......##.....
#...##...###....@Z......
...# #....##....####....
...###.........## ..
....#....###...#
.........# ###.#
........## #.# $
###.....# ..# #
##....###. ##......#


You could see a wolf spider simulacrum.

Vanquished Creatures
  Erica (D:8)
  Nergalle (D:12)
  2 ugly things (D:12)
  Maurice (D:8)
  Joseph (D:8)
  A kobold demonologist (D:7)
  2 unseen horrors
  4 trolls
  A hornet (D:10)
  4 slime creatures
  Sigmund (D:3)
  A shadow (D:10)
  3 wyverns
  A vampire (D:11)
  2 wraiths
  18 yaks
  Eustachio (D:5)
  Grum (D:11)
  2 steam dragons
  3 vampire mosquitoes (D:12)
  Menkaure (D:5)
  Edmund (D:5)
  Duvessa (D:5)
  A water moccasin (D:5)
  5 ice beasts
  3 orc warriors
  A sky beast (D:7)
  A swamp drake (D:12)
  A black bear (D:4)
  2 ogres
  5 centaurs
  4 wolves (D:11)
  A phantom (D:4)
  A kobold brigand (D:9)
  6 bullfrogs
  A necrophage (D:5)
  6 scorpions
  9 wights
  Dowan (D:5)
  23 killer bees
  3 howler monkeys (D:12)
  4 hounds
  2 jellies (D:5)
  2 gnoll boudas (D:6)
  5 orc priests
  Jessica (D:3)
  6 iguanas
  Natasha (thrice) (D:3)
  16 orc wizards
  9 gnolls
  9 adders
  A shadow imp (D:6)
  2 white imps
  An ufetubus (D:6)
  A worm (D:4)
  4 dart slugs
  52 orcs
  8 ball pythons
  10 endoplasms
  5 giant cockroaches
  8 goblins
  9 hobgoblins
  16 kobolds
  5 quokkas
  16 bats
  2 frilled lizards (D:1)
  6 rats
331 creatures vanquished.

Vanquished Creatures (collateral kills)
  An ice beast (D:7)
1 creature vanquished.

Vanquished Creatures (others)
  4 fungi (D:4)
  25 plants
29 creatures vanquished.

Grand Total: 361 creatures vanquished

Notes
Turn   | Place    | Note
-------+----------+-------------------------------------------
     0 | D:1      | juncz the Draconian Ice Elementalist began the quest for
                  | the Orb.
     0 | D:1      | Reached XP level 1. HP: 14/14 MP: 3/3
   268 | D:1      | Reached XP level 2. HP: 13/20 MP: 0/5
   999 | D:1      | Found a faded altar of an unknown god.
  1019 | D:1      | Reached XP level 3. HP: 26/26 MP: 5/7
  1023 | D:1      | Learned a level 3 spell: Frozen Ramparts
  1027 | D:1      | Learned a level 3 spell: Ozocubu's Armour
  2214 | D:3      | Found a white marble altar of Elyvilon.
  2226 | D:3      | Reached XP level 4. HP: 33/33 MP: 8/8
  2247 | D:3      | Noticed Jessica
  2253 | D:3      | Killed Jessica
  2254 | D:3      | Reached skill level 5 in Ice Magic
  2677 | D:3      | Noticed Sigmund
  2806 | D:3      | Killed Sigmund
  2807 | D:3      | Reached XP level 5. HP: 22/38 MP: 2/11
  2807 | D:3      | Reached XP level 6. HP: 26/45 MP: 2/12
  2965 | D:3      | You fall into a shaft and drop 2 floors!
  2965 | D:5      | Entered Level 5 of the Dungeon
  2973 | D:5      | Noticed Eustachio
  3012 | D:5      | Reached skill level 6 in Ice Magic
  3095 | D:5      | Noticed a water moccasin
  3097 | D:5      | Noticed Menkaure
  3100 | D:5      | Killed a water moccasin
  3106 | D:5      | Killed Menkaure
  3107 | D:5      | Reached skill level 5 in Spellcasting
  3107 | D:5      | Your scales start taking on a pale cyan-grey colour.
  3107 | D:5      | Reached XP level 7. HP: 19/50 MP: 6/14
  3107 | D:5      | Gained mutation: You are immune to the effects of steam.
                  | [Pale Draconian growth]
  3483 | D:5      | Found a runed translucent gate.
  3497 | D:5      | Killed Eustachio
  3498 | D:5      | Reached skill level 7 in Ice Magic
  4123 | D:4      | Found a broken altar of Ashenzari.
  4132 | D:4      | Reached XP level 8. HP: 50/57 MP: 9/17
  4453 | D:3      | Found a sacrificial altar of Ru.
  4456 | D:3      | Found a shimmering blue altar of Sif Muna.
  4461 | D:3      | Found a sparkling altar of Nemelex Xobeh.
  4530 | D:3      | Reached skill level 8 in Ice Magic
  4894 | D:3      | Noticed Natasha
  4901 | D:3      | Killed Natasha
  5176 | D:3      | Noticed Natasha
  5179 | D:3      | Killed Natasha
  5445 | D:3      | Noticed Natasha
  5451 | D:3      | Killed Natasha
  5843 | D:4      | Found a shadowy altar of Dithmenos.
  6495 | D:5      | Found a runed translucent gate.
  6495 | D:5      | Found a runed translucent gate.
  6497 | D:5      | Noticed Ofeo's ghost (amateur PaDe)
  6497 | D:5      | Noticed TemplarDane's ghost (novice HOMo)
  6532 | D:5      | Noticed Edmund
  6546 | D:5      | Killed Edmund
  6547 | D:5      | Reached skill level 1 in Conjurations
  6547 | D:5      | Reached skill level 9 in Ice Magic
  6950 | D:5      | Reached XP level 9. HP: 58/62 MP: 15/20
  7208 | D:5      | Noticed Duvessa
  7208 | D:5      | Noticed Dowan
  7213 | D:5      | Killed Duvessa
  7213 | D:5      | Killed Dowan
  7354 | D:5      | Found a glowing golden altar of the Shining One.
  7806 | D:6      | Found a staircase to the Ecumenical Temple.
  7816 | Temple   | Entered the Ecumenical Temple
  7823 | Temple   | Became a worshipper of Gozag Ym Sagoz the Greedy
  9147 | D:7      | Reached skill level 10 in Ice Magic
  9264 | D:7      | Noticed a kobold demonologist
  9265 | D:7      | Noticed a troll
  9470 | D:7      | Killed a kobold demonologist
  9471 | D:7      | Reached skill level 5 in Conjurations
  9471 | D:7      | Reached XP level 10. HP: 69/69 MP: 12/23
  9537 | D:7      | Found a snail-covered altar of Cheibriados.
  9564 | D:7      | Found a stormy altar of Qazlal.
 10736 | D:8      | Noticed Joseph
 10751 | D:8      | Killed Joseph
 10752 | D:8      | Reached skill level 11 in Ice Magic
 11087 | D:8      | Noticed Erica
 11094 | D:8      | Noticed Maurice
 11099 | D:8      | Killed Erica
 11100 | D:8      | Reached skill level 10 in Spellcasting
 11123 | D:8      | Killed Maurice
 11616 | D:9      | Reached XP level 11. HP: 66/74 MP: 14/25
 11761 | D:9      | Reached skill level 12 in Ice Magic
 12141 | D:9      | Found a staircase to the Lair.
 12175 | D:9      | Noticed a red ugly thing
 12176 | D:9      | Found a transporter.
 12177 | D:9      | Found a corrupted altar of Lugonu.
 12178 | D:9      | Noticed a white ugly thing
 12351 | D:9      | Found a transporter.
 12456 | D:10     | Entered Level 10 of the Dungeon
 12540 | D:10     | Found a hazy altar of Hepliaklqana.
 12720 | D:10     | Found a runed translucent gate.
 12720 | D:10     | Found a runed translucent gate.
 12720 | D:10     | Found a runed translucent gate.
 12721 | D:10     | Noticed a 12-headed hydra
 12723 | D:10     | Noticed timneilson's ghost (journeyman GrFi)
 13624 | D:11     | Noticed Grum
 13633 | D:11     | Killed Grum
 14650 | D:11     | Found Vanip's General Store.
 14836 | D:12     | Noticed a cyan ugly thing
 14842 | D:12     | Killed a cyan ugly thing
 15099 | D:12     | Found a staircase to the Orcish Mines.
 15139 | D:12     | Reached skill level 13 in Ice Magic
 15334 | D:12     | Noticed a brown ugly thing
 15341 | D:12     | Killed a brown ugly thing
 15342 | D:12     | Reached XP level 12. HP: 41/81 MP: 3/27
 15649 | D:12     | Noticed Nergalle
 15659 | D:12     | Killed Nergalle
 15832 | D:12     | HP: 4/81 [wolf spider simulacrum (15)]
 15833 | D:12     | Slain by a wolf spider simulacrum

Illustrated notes

Levels and vault maps discovered:
D:1:      erik_arrival_blinker_ship, layout_rooms,
          dreamdust_ecumenical_altar_statues, minmay_misc_feat_encased
D:2:      layout_loops_ring, minmay_pentomino_z2
D:3:      layout_basic, grunt_temple_overflow_diamond, lemuel_doored_altar,
          uniq_natasha, uniq_sigmund, uniq_jessica
D:4:      old_forge, layout_basic, mainiacjoe_overflow_alcove_4,
          nicolae_dithmenos_through_a_glass_darkly
D:5:      layout_loops_corners, tso_altar, serial_bayou, serial_bayou_lagoon_b,
          serial_bayou_shore_b, serial_bayou_pond_a, serial_bayou_crossing,
          gammafunk_ghost_cemetery, uniq_menkaure, uniq_eustachio, uniq_duvessa,
          uniq_edmund
D:6:      layout_basic, minmay_temple_entry_waves, due_unseen_surprise
D:7:      layout_basic, mainiacjoe_overflow_24_doors, kennysheep_mini_moat,
          serial_glass, glass_columns_a, glass_columns_a, glass_columns_b,
          glass_columns_a, minmay_chambers_of_fives
D:8:      layout_loops_cross, serial_park_tiny_1, uniq_maurice, uniq_joseph,
          uniq_erica
D:9:      gammafunk_corrupted_shrine, layout_loops_ring, lair_entry_dummy
D:10:     layout_long_grid, nzn_hepliaklqana_mist_gate,
          gammafunk_ghost_hydra_chop
D:11:     layout_roguey, serial_shops, kennysheep_mini, uniq_grum
D:12:     layout_layer_cave, erik_orc_1, uniq_nergalle
Temple:   nicolae_temple_no_exploring_needed

Skill      XL: |  1  2  3  4  5  6  7  8  9 10 11 |
---------------+----------------------------------+-----
Spellcasting   | 3 4 5 6 7 9 10 11 | 11.8
Ice Magic      | 5 6 7 9 10 11 13 | 13.2
Conjurations   | 1 5 6 8 |  8.8
Dodging        | |  1.7
Stealth        | |  1.7

Action                   |  1- 3 |  4- 6 |  7- 9 | 10-12 || total
-------------------------+-------+-------+-------+-------++-------
Melee: Unarmed           |     7 |       |       |       ||     7
       Tailslap          |     1 |     1 |    17 |    21 ||    40
       Trident           |    24 |     6 |     3 |       ||    33
       Falchion          |       |       |    92 |    94 ||   186
Throw: Stone             |       |       |    12 |    12 ||    24
 Cast: Freeze            |    57 |    20 |   138 |   148 ||   363
       Frozen Ramparts   |       |     8 |    71 |    55 ||   134
       Ozocubu's Armour  |       |     1 |    24 |    35 ||    60
Invok: Potion Petition   |       |       |       |     1 ||     1
 Abil: Breathe Steam     |       |       |     1 |     1 ||     2
Evoke: Wand              |       |       |     1 |    20 ||    21
  Use: Potion            |       |       |     2 |     1 ||     3
       Scroll            |       |       |     9 |     7 ||    16
 Stab: Sleeping          |     4 |     2 |       |       ||     6
       Distracted        |     1 |       |       |       ||     1
Armor: Skin              |    15 |     2 |    71 |   155 ||   243
Dodge: Dodged            |    44 |    18 |   159 |   295 ||   516

Table legend: (Time is in decaauts)
 A = Elapsed time spent in this place.
 B = Non-inter-level travel time spent in this place.
 C = Inter-level travel time spent in this place.
 D = Time resting spent in this place.
 E = Time spent auto-exploring this place.
 F = Levels seen in this place.
 G = Mean time per level.
                   A        B        C        D        E       F      G
               +--------+--------+--------+--------+--------+-----+--------+
         Total |  15970 |  15274 |    696 |   2386 |  10566 |  13 | 1228.5 |
       Dungeon |  15955 |  15266 |    689 |   2386 |  10566 |  12 | 1329.6 |
        Temple |     14 |      7 |      7 |      0 |      0 |   1 |   14.0 |
               +--------+--------+--------+--------+--------+-----+--------+

Top non-repeatable levels by time:
     D:5: 2122 daAuts
     D:3: 2104 daAuts
     D:7: 1432 daAuts
     D:4: 1428 daAuts
    D:11: 1348 daAuts
     D:1: 1274 daAuts
     D:8: 1138 daAuts
     D:9: 1127 daAuts
     D:6: 1048 daAuts
    D:10: 1034 daAuts
    D:12: 1030 daAuts
     D:2: 865 daAuts
  Temple: 14 daAuts
